Map: Dreamcatcher LE

Players

xKawaiian

  • Race: Terran Terran
  • League: Master
  • Spawn Location: 11:00

PiLiPiLi - Winner!

  • Race: Protoss Protoss
  • League: Grandmaster
  • Spawn Location: 5:00

VOD

Have the link to the VOD?

Description

Time

  • Played on: April 18, 2020, 8:02 p.m.
  • Length: 5:46
Show
View Real Time Build Order
Export as new Build Order

xKawaiian Terran 

Build Orders:  

Get SALT Encoding   

  12  0:00  SCV  
  13  0:13  SCV  
  14  0:17  Supply Depot  
  14  0:25  SCV  
  15  0:32  Refinery  
  15  0:38  SCV  
  16  0:44  Barracks  
  16  0:50  SCV  
  17  1:02  SCV  
  18  1:15  SCV  
  19  1:31  Orbital Command  
  19  1:32  Marine  
  20  1:42  Refinery  
  20  1:45  Factory  
  20  1:47  Supply Depot  
  20  1:58  SCV  
  20  1:59  Barracks Reactor  
  21  2:10  SCV  
  22  2:22  SCV  
  23  2:28  Widow Mine  
  25  2:30  Starport  
  25  2:32  Supply Depot  
  25  2:34  SCV  
  25  2:35  Marine x2  
  28  2:46  SCV  
  28  2:50  Widow Mine  
  31  2:54  Supply Depot, Marine x2  
  34  2:58  SCV  
  34  3:11  Starport  
  34  3:20  SCV  
  34  3:21  Marine x2  
  34  3:23  Barracks  
  36  3:27  Engineering Bay  
  36  3:29  Factory Tech Lab  
  36  3:32  SCV  
  37  3:44  SCV  
  37  3:48  Medivac  
  40  3:54  Siege Tank  
  41  3:56  SCV  
  42  4:15  Marine x2  
  44  4:18  Liberator  
  47  4:26  Supply Depot  
  47  4:29  Marine  
  47  4:30  Siege Tank  
  51  4:32  Marine  
  52  4:39  Marine  
  53  4:46  Marine  
  52  4:59  Marine x2  
  54  5:00  Liberator  
  54  5:04  Marine  
  50  5:17  Marine x2  
  46  5:22  Marine  
  52  5:37  Bunker  
Show
View Real Time Build Order
Export as new Build Order

PiLiPiLi Protoss - Winner!

Build Orders: 1 Gate Expand 

Get SALT Encoding   

  12  0:01  Probe  
  13  0:13  Probe  
  14  0:18  Pylon  
  14  0:25  Probe (Chrono Boost)  
  15  0:37  Probe (Chrono Boost)  
  15  0:39  Gateway  
  16  0:46  Probe (Chrono Boost), Assimilator  
  17  0:51  Probe  
  18  1:03  Probe  
  19  1:15  Probe  
  20  1:27  Cybernetics Core  
  20  1:33  Nexus  
  20  1:36  Probe  
  21  1:49  Probe  
  21  1:57  Assimilator  
  21  2:01  Adept (Chrono Boost)  
  21  2:02  Pylon  
  21  2:06  Warp Gate  
  23  2:20  Probe  
  24  2:24  Stalker  
  26  2:32  Probe  
  27  2:42  Robotics Facility  
  27  2:45  Probe  
  27  2:49  Probe  
  29  2:54  Stalker  
  29  2:57  Probe  
  32  3:01  Probe  
  33  3:12  Shield Battery  
  31  3:14  Probe  
  31  3:15  Probe  
  33  3:26  Gateway  
  33  3:27  Probe x2, Gateway  
  35  3:38  Warp Prism (Chrono Boost)  
  35  3:39  Probe  
  38  3:46  Probe  
  39  3:49  Pylon  
  39  3:53  Probe  
  40  3:58  Robotics Bay  
  40  4:00  Probe  
  41  4:05  Probe  
  41  4:09  Pylon  
  43  4:15  Immortal (Chrono Boost), Shield Battery  
  41  4:17  Shield Battery  
  41  4:21  Sentry  
  41  4:23  Sentry  
  46  4:34  Stalker  
  46  4:36  Shield Battery, Pylon  
  48  4:45  Immortal (Chrono Boost)  
  51  4:59  Stalker x3  
  54  5:17  Probe x2  
  54  5:22  Stalker x2  
  54  5:23  Stalker  
Tags
 
Add a new tag
Caveats
  • Supply blocks, unpowered buildings, or Contaminate may cause inaccurate times.
  • Supply counts are checked every 10 seconds.